 Dungeon Crawl Stone Soup version 0.32-a0-485-g70f7560b1c (webtiles) character file.

Game seed: 9992931069913348073

63 Ambrosia the Ducker (level 4, -2/32 HPs)
             Began as a Coglin Hexslinger on Feb 26, 2024.
             Slain by a gnoll
             ... wielding a +0 spear
              (7 damage)
             ... on level 2 of the Dungeon.
             The game lasted 00:02:38 (1002 turns).

Ambrosia the Ducker (Coglin Hexslinger)             Turns: 1002, Time: 00:02:39

Health: -2/32      AC:  3    Str:  9    XL:     4   Next: 10%
Magic:  5/5        EV: 13    Int: 12    God:
Gold:   88         SH:  0    Dex: 18    Spells: 5/5 levels left

rFire   . . .        a - +1 sling {Ashmeen}
rCold   . . .        (no shield)
rNeg    . . .        c - +0 robe
rPois   .            (no helmet)
rElec   .            (no cloak)
rCorr   .            (no gloves)
SInv    .            d - +0 pair of boots
Will    .....        (no amulet)
Stlth   ++           (ring unavailable)
HPRegen 0.25/turn    (ring unavailable)
MPRegen 0.09/turn

%: no passive effects
@: brilliant, revving
A: off-hand wielding, slow wielding, warmup strikes, no rings
a: no special abilities


You were on level 2 of the Dungeon.
You visited 1 branch of the dungeon, and saw 2 of its levels.

You collected 88 gold pieces.


Innate Abilities, Weirdness & Mutations

You can wield a second weapon in your off-hand.
It takes a long time for you to wield or remove held weapons.
Your first few attacks do less damage.
Your grasper-arms cannot wear rings.


   Skills:
 + Level 1.5 Fighting
 * Level 2.6 Ranged Weapons
 + Level 1.0 Armour
 * Level 2.7 Dodging
 - Level 1.0 Spellcasting
 - Level 2.6 Hexes
 - Level 0.8 Fire Magic


You had 5 spell levels left.
You didn't know any spells.
Your spell library contained the following spells:

 Spells                   Type           Power      Damage    Failure   Level
 Jinxbite                 Hex            20%        N/A       16%         2
 Freeze                   Ice            0%         1d3       30%         1
 Kiss of Death            Conj/Necr      0%         2d5       30%         1
 Confusing Touch          Hex            10%        N/A       30%         3
 Sigil of Binding         Hex            10%        N/A       30%         3
 Blink                    Tloc           0%         N/A       41%         2
 Lesser Beckoning         Tloc           0%         N/A       41%         2
 Momentum Strike          Conj/Tloc      0%         3d8       41%         2
 Static Discharge         Conj/Air       0%         3-3/arc   41%         2
 Inner Flame              Hex/Fire       7%         N/A       41%         3
 Frozen Ramparts          Ice            0%         1d1       65%         3
 Hailstorm                Conj/Ice       0%         3d5       65%         3
 Ozocubu's Armour         Ice            0%         N/A       65%         3
 Cause Fear               Hex            5%         N/A       69%         4
 Dimensional Bullseye     Hex/Tloc       2%         N/A       86%         4
 Airstrike                Air            0%         2d(0-16)  96%         4
 Dispel Undead            Necr           0%         3d6       96%         4
 Summon Lightning Spire   Summ/Air       0%         N/A       96%         4
 Metabolic Englaciation   Hex/Ice        2%         N/A       99%         5
 Sculpt Simulacrum        Ice/Alch       0%         N/A       100%        6

Inventory:

Hand Weapons
 a - a +1 sling (weapon) {Ashmeen}
Missiles
 e - 2 poisoned darts
Armour
 c - a +0 robe (worn)
 d - a +0 pair of boots (worn)
   (You found it on level 2 of the Dungeon)
Jewellery
 T - an amulet of faith {!P}
   (You found it on level 2 of the Dungeon)
Scrolls
 b - a scroll of poison

Dungeon Overview and Level Annotations

Branches:
Dungeon (2/15) Zot: 10959

Altars:

Annotations:
D:2 Sigmund

........####.#
#.#..#..# #
##....#..####.##
#...........>..#
...............#
#.......#####.#
#####...........
#....(...#####.#
#####@.#.#
#g.#.# ##g.#.#
#...#.#
#....)##.#
####..##.# #..#
.# #.#. #. #


You could see 2 gnolls.


Message History

The sling bullet completely misses the hobgoblin.
Unknown command.
You shoot a sling bullet.
The sling bullet barely misses the hobgoblin.
Unknown command.
You shoot a sling bullet. The sling bullet hits the hobgoblin.
Unknown command.
You shoot a sling bullet.
The sling bullet barely misses the hobgoblin.
The hobgoblin hits you. The hobgoblin misses you.
Unknown command. 😕 HP[-3]
You take 3 damage, and now have 23/26 hp.
You shoot a sling bullet. The sling bullet hits the hobgoblin.
You kill the hobgoblin!
A gnoll comes into view. It is wielding a +0 whip.
You shoot a sling bullet.
The sling bullet hits the gnoll but does no damage. 😕 HP[+2]
You regained 2 hp, and now have 25/26 hp.
Unknown command.
You shoot a sling bullet. The sling bullet hits the gnoll.
Unknown command.
You shoot a sling bullet. The sling bullet hits the gnoll.
A gnoll is nearby!
You shoot a sling bullet.
The sling bullet barely misses the gnoll.
Unknown command. 😎 feelin horny HP[+1]
Your hp is fully restored (26).
You shoot a sling bullet.
The sling bullet barely misses the gnoll.
A gnoll comes into view. It is wielding a +0 spear.
There are monsters nearby!
You shoot a sling bullet. The gnoll shouts!
The sling bullet hits the gnoll!
A gnoll comes into view. It is wielding a +0 flail.
The gnoll closely misses you.
An endoplasm comes into view.
The gnoll closely misses you.
The endoplasm moves out of view.
Unknown command.
You shoot a sling bullet.
The sling bullet completely misses the gnoll.
The gnoll hits you with a +0 whip!
Unknown command. 😮 HP[-8]
You take 8 damage, and now have 18/26 hp.
MASSIVE DAMAGE!! (PAUSE)
You are too injured to fight recklessly!
Unknown command.
You are too injured to fight recklessly!
Unknown command.
Unknown command.
Fire: a) +1 sling {Ashmeen}
Press: ? - help, Shift-Dir - straight line, f/p - gnoll
Aim: a gnoll, wielding a +0 whip (almost dead, 64% to hit)
You shoot a sling bullet. The sling bullet hits the gnoll.
You kill the gnoll!
You have reached level 4!
You feel stronger. 😮 HP[+4] MP[+1]
You now have 32 max hp (+6).
You regained 4 hp, and now have 22/32 hp.
Your mp is fully restored (5).
Unknown command.
Fire: a) +1 sling {Ashmeen}
Press: ? - help, Shift-Dir - straight line, f - endoplasm
Aim: an endoplasm (86% to hit)
You shoot a sling bullet.
The sling bullet hits the endoplasm but does no damage. 😮 HP[+1] Fire: a) +1 sling {Ashmeen}
Press: ? - help, Shift-Dir - straight line, f/p - endoplasm
Aim: an endoplasm (86% to hit)
You shoot a sling bullet. The sling bullet hits the endoplasm.
You kill the endoplasm!
The gnoll hits you from afar with a +0 spear. x2
* * * LOW HITPOINT WARNING * * *
😨 HP[-11]
You take 11 damage, and now have 12/32 hp.
MASSIVE DAMAGE!! (PAUSE)
Okay, then.
It was a potion of brilliance.
You feel clever all of a sudden. The gnoll closely misses you.
The gnoll attacks as it pursues you! The gnoll hits you with a +0 flail.
* * * LOW HITPOINT WARNING * * *
😨 HP[-2]
You take 2 damage, and now have 10/32 hp.
The gnoll attacks as it pursues you! The gnoll hits you with a +0 flail.
* * * LOW HITPOINT WARNING * * *
The gnoll attacks as it pursues you! The gnoll barely misses you. 😱 HP[-5]
You take 5 damage, and now have 5/32 hp.
Unknown command.
Okay, then.
The gnoll attacks as it pursues you!
The gnoll hits you from afar with a +0 spear!
You die...

Skill      XL: |  1  2  3 |
---------------+----------+-----
Ranged Weapons | 2 |  2.6
Dodging        | 2 |  2.7
Armour         | 1 |  1.0
Fighting       | |  1.5
Spellcasting   | |  1.0
Hexes          | |  2.6
Fire Magic     | |  0.8

Action                     |  1- 3 |  4- 6 || total
---------------------------+-------+-------++-------
   Fire: Sling             |   131 |     2 ||   133
    Use: Scroll            |     3 |       ||     3
         Potion            |     1 |     1 ||     2
 Armour: Robe              |    31 |     5 ||    36
  Dodge: Dodged            |    33 |     2 ||    35

Levels and vault maps discovered:
D:1:      tarquinn_simple_flora_water_d, layout_rooms,
          shapermc_ecumenical_altar_notcrosses, corexii_leaking_fountain
D:2:      layout_loops_ring, uniq_crazy_yiuf_cottage, uniq_sigmund

Notes
Turn   | Place    | Note
-------+----------+-------------------------------------------
     0 | D:1      | Ambrosia the Coglin Hexslinger began the quest for the Orb.
     0 | D:1      | Reached XP level 1. HP: 15/15 MP: 2/2
     0 | D:1      | magus.rc [v1.11.6]
    72 | D:1      | You add the spells Static Discharge, Airstrike and Summon
                  | Lightning Spire to your library.
    98 | D:1      | Reached skill level 2 in Ranged Weapons
    98 | D:1      | Reached skill level 2 in Dodging
   114 | D:1      | Reached XP level 2. HP: 16/21 MP: 3/3
   291 | D:1      | Found a faded altar of an unknown god.
   391 | D:1      | You add the spells Freeze, Frozen Ramparts and Hailstorm to
                  | your library.
   404 | D:1      | Reached XP level 3. HP: 26/26 MP: 4/4
   415 | D:1      | You add the spells Ozocubu's Armour, Metabolic Englaciation
                  | and Sculpt Simulacrum to your library.
   419 | D:1      | You add the spells Kiss of Death, Confusing Touch and
                  | Dispel Undead to your library.
   516 | D:1      | You add the spells Blink, Momentum Strike and Lesser
                  | Beckoning to your library.
   688 | D:2      | Noticed Sigmund
   698 | D:2      | HP: 2/26 [something (9)]
   931 | D:2      | Reached skill level 1 in Armour
   997 | D:2      | Reached XP level 4. HP: 22/32 MP: 5/5
  1001 | D:2      | HP: 5/32 [gnoll/+0 flail (5)]
  1002 | D:2      | Slain by a gnoll

Vanquished Creatures
  An adder (D:2)
  A gnoll (D:2)
  6 endoplasms
  5 giant cockroaches
  4 goblins (D:1)
  6 hobgoblins
  3 jackals (D:2)
  A quokka (D:2)
  7 ball pythons
  2 frilled lizards (D:1)
  2 kobolds (D:1)
  2 rats
40 creatures vanquished.

Table legend:
 A = Non-vault XP
 B = Vault XP
 C = Vault XP percentage of total XP
 D = Non-vault monster count
 E = Vault monster count
 F = Vault count percentage of total count
                 A         B        C        D         E       F
            +---------+---------+-------+---------+---------+-------
      Total |      91 |       0 |   0.0 |      40 |       0 |   0.0
            +---------+---------+-------+---------+---------+-------
        D:1 |      40 |       0 |   0.0 |      25 |       0 |   0.0
        D:2 |      51 |       0 |   0.0 |      15 |       0 |   0.0
            +---------+---------+-------+---------+---------+-------

Skill      XL: |  1  2  3 |
---------------+----------+-----
Ranged Weapons | 2 |  2.6
Dodging        | 2 |  2.7
Armour         | 1 |  1.0
Fighting       | |  1.5
Spellcasting   | |  1.0
Hexes          | |  2.6
Fire Magic     | |  0.8

Action                     |  1- 3 |  4- 6 || total
---------------------------+-------+-------++-------
   Fire: Sling             |   131 |     2 ||   133
    Use: Scroll            |     3 |       ||     3
         Potion            |     1 |     1 ||     2
 Armour: Robe              |    31 |     5 ||    36
  Dodge: Dodged            |    33 |     2 ||    35

Illustrated notes

Table legend:
 A = Kills in this place as a percentage of kills in the entire game.
 B = Kills by you in this place as a percentage of kills by you in the entire game.
 C = Kills by friends in this place as a percentage of kills by friends in the entire game.
 D = Other kills in this place as a percentage of other kills in the entire game.
 E = Experience gained in this place as a percentage of experience gained in the entire game.
 F = Experience gained in this place divided by the number of levels of this place that you have seen.
                   A       B       C       D       E      F
               +-------+-------+-------+-------+-------+----------------------
         Total | 100.0 | 100.0 |   N/A |   N/A | 100.0 |  45.5
       Dungeon | 100.0 | 100.0 |   N/A |   N/A | 100.0 |  45.5
               +-------+-------+-------+-------+-------+----------------------

Table legend: (Time is in decaauts)
 A = Elapsed time spent in this place.
 B = Non-inter-level travel time spent in this place.
 C = Inter-level travel time spent in this place.
 D = Time resting spent in this place.
 E = Time spent auto-exploring this place.
 F = Levels seen in this place.
 G = Mean time per level.
                   A        B        C        D        E       F      G
               +--------+--------+--------+--------+--------+-----+--------+
         Total |   1039 |   1011 |     28 |    240 |    521 |   2 |  519.5 |
       Dungeon |   1039 |   1011 |     28 |    240 |    521 |   2 |  519.5 |
               +--------+--------+--------+--------+--------+-----+--------+

Top non-repeatable levels by time:
     D:1: 754 daAuts
     D:2: 285 daAuts
